 Dungeon Crawl Stone Soup version 0.29.1-12-g30fa7ad0bf (webtiles) character file.

Game seed: 10089465836318616074

55 DildoBatman the Conjurer (level 4, -1/32 HPs)
             Began as a Formicid Conjurer on Dec 14, 2022.
             Slain by a hobgoblin (4 damage)
             ... on level 3 of the Dungeon.
             The game lasted 00:03:06 (1485 turns).

DildoBatman the Conjurer (Formicid Conjurer)        Turns: 1485, Time: 00:03:06

Health: -1/32      AC:  2    Str: 12    XL:     4   Next: 14%
Magic:  6/8        EV: 12    Int: 19    God:
Gold:   42         SH:  0    Dex: 12    Spells: 5/8 levels left

rFire   . . .      SeeInvis +   a - +0 sling
rCold   . . .      Faith    .   (no shield)
rNeg    . . .      Spirit   .   p - +0 robe
rPois   +          Reflect  .   (helmet unavailable)
rElec   .          Harm     .   (no cloak)
rCorr   +          Rampage  .   (no gloves)
Will    .....                   (no boots)
Stlth   ++........              (no amulet)
HPRegen 0.10/turn               c - ring of poison resistance
MPRegen 0.11/turn               h - ring of resist corrosion

@: no status effects
A: permanent stasis, dig shafts and tunnels, antennae 3, four strong arms
a: Dig, Shaft Self


You were on level 3 of the Dungeon.
You visited 1 branch of the dungeon, and saw 3 of its levels.

You collected 42 gold pieces.

Inventory:

Hand Weapons
 a - a +0 sling (weapon)
 b - a +2 whip of pain
Missiles
 d - 3 stones
 n - 4 poisoned darts
Armour
 p - a +0 robe (worn)
Jewellery
 c - a ring of poison resistance (left hand)
 h - a ring of resist corrosion (right hand)
Scrolls
 e - a scroll of blinking {unknown}
 g - a scroll of identify {unknown}
 i - a scroll of magic mapping {unknown}
 j - a scroll of amnesia {unknown}
 k - a scroll of brand weapon {unknown}
 l - a scroll of teleportation {unknown}
 o - a scroll of fear {unknown}
Potions
 f - a potion of magic
 m - 2 potions of attraction {unknown}
 q - a potion of heal wounds {unknown}


   Skills:
 * Level 1.4 Fighting
 * Level 1.5 Armour
 - Level 2.0 Dodging
 - Level 2.4 Stealth
 * Level 2.7 Spellcasting
 * Level 4.0 Conjurations


You had 5 spell levels left.
You knew the following spells:

 Your Spells              Type           Power      Damage    Failure   Level
a - Searing Ray           Conj           34%        2d5       4%          2
c - Magic Dart            Conj           68%        1d6       3%          1

Your spell library contained the following spells:

 Spells                   Type           Power      Damage    Failure   Level
 Static Discharge         Conj/Air       10%        3-5/arc   11%         2
 Dazzling Flash           Conj/Hex       20%        N/A       21%         3
 Fulminant Prism          Conj/Hex       5%         3d7       56%         4
 Iskenderun's Mystic Bla  Conj/Tloc      10%        2d4       56%         4
 Lightning Bolt           Conj/Air       5%         1d17      88%         5
 Maxwell's Capacitive Co  Air            1%         ∞         100%        8


Dungeon Overview and Level Annotations

Branches:
Dungeon (3/15)

Altars:


Innate Abilities, Weirdness & Mutations

You cannot be hasted, slowed, berserked, paralysed or teleported.
You can dig through walls and to a lower floor.
You have a pair of large antennae on your head. (SInv)
Your four strong arms can wield two-handed weapons with a shield.


Message History

g - Guard the area. f - Follow me.
Anything else - Cancel.
You shout for attention!
The hobgoblin hits you. The hobgoblin closely misses you.
What are your orders? t - Shout!
Orders for allies: a - Attack new target. r - Retreat! s - Stop attacking. g - Guard the area. f - Follow me.
Anything else - Cancel.
You shout for attention!
The hobgoblin closely misses you. The hobgoblin hits you.
What are your orders? t - Shout!
Orders for allies: a - Attack new target. r - Retreat! s - Stop attacking. g - Guard the area. f - Follow me.
Anything else - Cancel.
You shout for attention!
The hobgoblin closely misses you. x2
What are your orders? t - Shout!
Orders for allies: a - Attack new target. r - Retreat! s - Stop attacking. g - Guard the area. f - Follow me.
Anything else - Cancel.
You shout for attention!
The hobgoblin hits you but does no damage.
The hobgoblin hits you. What are your orders? t - Shout!
Orders for allies: a - Attack new target. r - Retreat! s - Stop attacking. g - Guard the area. f - Follow me.
Anything else - Cancel.
You shout for attention!
The hobgoblin hits you.
You die...

#.##.. SS .......
...#. .). #.#
#†######### .
#.#.......# .
#####g#.......#.#
#...g@#.......#.## .
#.#####...........
.. #.# #.......#.#
.# #.#
#.......#.#..#
#.#####.............
#<#............##..#
##.#.#####....<...<#
#....# #......####
#.#.....##......#


You could see 2 hobgoblins.

Vanquished Creatures
  2 adders
  An orc (D:3)
  4 endoplasms
  3 giant cockroaches
  5 goblins
  A hobgoblin (D:1)
  A kobold (D:1)
  2 quokkas
  5 ball pythons
  A bat (D:1)
  4 frilled lizards
  6 rats (D:1)
35 creatures vanquished.

Notes
Turn   | Place    | Note
-------+----------+-------------------------------------------
     0 | D:1      | DildoBatman the Formicid Conjurer began the quest for the
                  | Orb.
     0 | D:1      | Reached XP level 1. HP: 13/13 MP: 3/3
   199 | D:1      | Reached XP level 2. HP: 14/20 MP: 0/5
   202 | D:1      | Learned a level 2 spell: Searing Ray
   257 | D:1      | Found a faded altar of an unknown god.
   598 | D:1      | Reached skill level 1 in Fighting
   598 | D:1      | Reached skill level 1 in Armour
   598 | D:1      | Reached XP level 3. HP: 19/26 MP: 4/6
  1462 | D:3      | Reached skill level 4 in Conjurations
  1462 | D:3      | Reached XP level 4. HP: 29/32 MP: 4/8
  1485 | D:3      | Slain by a hobgoblin

Illustrated notes

Levels and vault maps discovered:
D:1:      mrwooster_arrival_arrow, layout_rooms,
          dreamdust_ecumenical_altar_angels_and_demons
D:2:      layout_rooms
D:3:      layout_loops_cross, mainiacjoe_overflow_divided_tiny,
          mainiacjoe_overflow_24_doors, serial_shops, shop, minivault_26,
          minmay_increasing_density

Skill      XL: |  1  2  3 |
---------------+----------+-----
Dodging        | 2 |  2.0
Fighting       | 1 |  1.4
Armour         | 1 |  1.5
Conjurations   | 4 |  4.0
Stealth        | |  2.4
Spellcasting   | |  2.7

Action                   |  1- 3 |  4- 6 || total
-------------------------+-------+-------++-------
Melee: Whip              |     9 |       ||     9
       Short sword       |     7 |       ||     7
 Fire: Sling             |     3 |       ||     3
 Cast: Magic Dart        |    60 |       ||    60
       Searing Ray       |     2 |       ||     2
Armor: Robe              |       |     3 ||     3
Dodge: Dodged            |     8 |    15 ||    23
